Map: [ESL] Data-C

Players

Krystianer - Winner!

  • Race: Protoss Protoss
  • Spawn Location: 9:00

PtitDrogo

  • Race: Protoss Protoss
  • Spawn Location: 3:00

Event: DreamHack SC2 Masters 2022 Valencia

VOD

Have the link to the VOD?

Description

Time

  • Played on: July 1, 2022, 9:58 a.m.
  • Length: 10:42

All games in this series

Show
View Real Time Build Order
Export as new Build Order

Krystianer Protoss - Winner!

Build Orders: 1 Gate Expand, Oracle Opening 

Get SALT Encoding   

  12  0:00  Probe  
  13  0:12  Probe  
  14  0:18  Pylon  
  14  0:24  Probe (Chrono Boost)  
  15  0:37  Probe (Chrono Boost)  
  15  0:38  Gateway  
  16  0:44  Probe (Chrono Boost)  
  16  0:47  Assimilator  
  17  0:51  Probe  
  18  1:03  Probe (Chrono Boost)  
  19  1:12  Probe (Chrono Boost)  
  20  1:24  Nexus  
  20  1:28  Probe  
  21  1:38  Cybernetics Core  
  21  1:42  Probe  
  21  1:46  Assimilator  
  22  1:54  Probe  
  23  1:57  Pylon  
  23  2:12  Stalker (Chrono Boost)  
  26  2:15  Probe  
  26  2:26  Stargate  
  26  2:28  Probe  
  27  2:35  Stalker  
  30  2:37  Probe (Chrono Boost)  
  30  2:43  Probe (Chrono Boost)  
  31  2:49  Probe (Chrono Boost)  
  31  2:56  Probe x2 (Chrono Boost)  
  33  3:00  Warp Gate  
  33  3:02  Gateway  
  33  3:06  Shield Battery  
  33  3:08  Probe  
  33  3:10  Probe  
  35  3:15  Oracle (Chrono Boost)  
  38  3:21  Probe  
  38  3:23  Probe  
  40  3:33  Probe  
  41  3:34  Gateway  
  41  3:35  Probe  
  41  3:36  Twilight Council  
  42  3:45  Probe  
  42  3:48  Probe  
  44  3:55  Stalker  
  44  3:57  Probe  
  46  4:05  Pylon  
  45  4:11  Probe  
  45  4:16  Probe  
  46  4:17  Nexus  
  46  4:19  Blink (Chrono Boost)  
  46  4:23  Probe  
  46  4:28  Probe  
  46  4:30  Pylon  
  47  4:35  Probe  
  48  4:48  Stalker x2, Probe  
  53  4:53  Shield Battery  
  53  4:56  Assimilator  
  53  5:00  Probe  
  53  5:01  Probe, Gateway  
  54  5:11  Stalker  
  54  5:12  Stalker, Probe  
  54  5:13  Probe  
  60  5:16  Pylon  
  60  5:24  Probe  
  60  5:25  Probe  
  60  5:28  Robotics Facility  
  62  5:31  Probe (Chrono Boost)  
  62  5:35  Stalker x2  
  67  5:37  Probe (Chrono Boost)  
  67  5:38  Probe (Chrono Boost)  
  70  5:43  Probe (Chrono Boost)  
  70  5:44  Forge  
  70  5:48  Probe x2 (Chrono Boost)  
  72  5:55  Probe  
  72  5:56  Stalker  
  74  5:58  Stalker x2  
  74  5:59  Probe  
  74  6:01  Probe  
  81  6:06  Shield Battery  
  81  6:12  Probe  
  82  6:20  Stalker  
  82  6:22  Stalker x2  
  82  6:23  Probe  
  82  6:24  Protoss Ground Weapons Level 1 (Chrono Boost)  
  85  6:36  Pylon  
  85  6:38  Pylon  
  85  6:40  Charge  
  85  6:41  Gateway  
  85  6:44  Gateway  
  85  6:46  Gateway  
  85  6:50  Gateway  
  85  6:52  Gateway  
  85  6:54  Probe  
  85  6:55  Observer (Chrono Boost), Probe x2  
  85  6:56  Assimilator  
  85  7:01  Zealot x2  
  91  7:02  Stalker  
  91  7:06  Pylon  
  91  7:08  Warp Prism (Chrono Boost)  
  97  7:16  Pylon  
  97  7:19  Nexus  
  97  7:20  Probe x2  
  99  7:30  Zealot x3  
  99  7:31  Probe  
  99  7:35  Observer  
  106  7:38  Photon Cannon, Probe  
  106  7:43  Pylon  
  107  7:48  Pylon  
  107  7:52  Zealot x4  
  107  7:54  Templar Archives  
  115  7:59  Zealot  
  115  8:02  Zealot x3  
  123  8:06  Pylon  
  123  8:08  Pylon, Probe  
  121  8:16  Zealot x4  
  127  8:27  Zealot x2  
  127  8:28  Zealot x2  
  135  8:39  Gateway  
  135  8:40  High Templar x4  
  143  8:43  Photon Cannon  
  143  8:44  Archon x2, Gateway  
  143  8:50  Zealot x3  
  143  8:51  Zealot  
  151  8:57  Probe  
  151  9:00  Photon Cannon  
  152  9:18  Zealot x6  
  164  9:29  Probe x2  
  164  9:30  Zealot x2  
  164  9:31  Probe  
  164  9:33  Observer (Chrono Boost)  
  164  9:37  Zealot  
  149  9:40  Zealot x7  
  149  9:43  Probe  
  151  9:46  Observer (Chrono Boost)  
  146  9:58  Zealot x3  
  142  10:06  Zealot x5  
  142  10:07  Zealot x2  
  145  10:09  Observer (Chrono Boost)  
  145  10:11  Probe  
  136  10:26  Stalker x4  
  136  10:27  Stalker x5  
Show
View Real Time Build Order
Export as new Build Order

PtitDrogo Protoss 

Build Orders: Oracle Opening, Phoenix Opening 

Get SALT Encoding   

  12  0:00  Probe  
  13  0:12  Probe  
  14  0:17  Pylon  
  14  0:24  Probe (Chrono Boost)  
  15  0:36  Probe (Chrono Boost)  
  15  0:38  Gateway  
  16  0:45  Probe (Chrono Boost)  
  16  0:46  Assimilator  
  17  0:51  Probe  
  18  0:59  Assimilator  
  18  1:03  Probe (Chrono Boost)  
  19  1:07  Pylon  
  19  1:12  Probe (Chrono Boost)  
  19  1:17  Probe (Chrono Boost)  
  21  1:27  Cybernetics Core  
  21  1:29  Probe  
  24  1:41  Probe  
  25  1:58  Nexus  
  23  2:08  Stargate  
  23  2:12  Probe  
  24  2:19  Adept  
  26  2:26  Probe  
  27  2:31  Pylon  
  27  2:33  Warp Gate  
  27  2:38  Probe  
  27  2:49  Oracle (Chrono Boost)  
  27  2:50  Probe  
  28  2:56  Shield Battery  
  31  3:02  Probe  
  32  3:10  Probe  
  33  3:16  Oracle (Chrono Boost), Probe  
  37  3:22  Probe  
  37  3:26  Shield Battery  
  38  3:29  Probe  
  37  3:34  Probe  
  37  3:35  Gateway  
  38  3:42  Probe  
  38  3:46  Probe  
  40  3:54  Phoenix, Probe  
  43  3:58  Twilight Council  
  43  3:59  Probe  
  44  4:06  Probe  
  45  4:11  Probe  
  46  4:18  Probe  
  46  4:22  Stalker  
  46  4:23  Probe  
  50  4:26  Blink (Chrono Boost)  
  50  4:27  Gateway  
  50  4:28  Gateway  
  50  4:30  Probe  
  51  4:31  Stalker  
  51  4:35  Pylon  
  54  4:50  Pylon  
  54  4:51  Nexus  
  53  4:54  Stalker  
  55  5:00  Stalker  
  55  5:01  Probe  
  58  5:12  Probe  
  58  5:13  Probe  
  60  5:16  Pylon  
  60  5:17  Assimilator  
  60  5:23  Stalker x3  
  60  5:24  Stalker  
  68  5:31  Probe x2  
  70  5:39  Pylon  
  70  5:48  Stalker x2  
  70  5:49  Stalker  
  77  5:52  Probe  
  77  6:01  Stalker  
  77  6:03  Probe x2, Shield Battery  
  82  6:04  Probe  
  82  6:15  Probe  
  82  6:16  Probe  
  81  6:24  Stalker x4  
  87  6:26  Probe  
  83  6:35  Probe  
  83  6:38  Probe  
  83  6:39  Probe  
  86  6:40  Gateway x2  
  86  6:43  Gateway  
  86  6:46  Robotics Facility, Gateway  
  86  6:47  Probe  
  86  6:50  Stalker x2  
  86  6:51  Probe x2  
  93  6:55  Forge  
  93  7:00  Probe  
  94  7:03  Probe x2, Assimilator  
  94  7:04  Charge (Chrono Boost)  
  96  7:09  Stalker  
  96  7:10  Stalker  
  100  7:22  Gateway  
  100  7:24  Protoss Ground Weapons Level 1 (Chrono Boost), Pylon x2  
  100  7:25  Pylon  
  100  7:37  Nexus  
  100  7:46  Zealot x5  
  100  7:48  Observer (Chrono Boost)  
  111  7:53  Dark Shrine  
  111  7:56  Zealot  
  111  7:58  Probe x2  
  115  8:02  Observer (Chrono Boost)  
  115  8:03  Photon Cannon  
  116  8:05  Probe  
  116  8:10  Probe  
  116  8:12  Probe  
  118  8:13  Pylon  
  118  8:14  Pylon  
  118  8:17  Zealot x2  
  118  8:18  Zealot  
  124  8:22  Pylon  
  124  8:35  Zealot x3  
  124  8:36  Zealot x3  
  124  8:41  Pylon, Assimilator  
  136  8:42  Pylon  
  136  8:47  Nexus  
  136  8:49  Zealot x3  
  136  8:53  Shield Battery  
  142  9:06  Dark Templar  
  142  9:08  Dark Templar x2  
  146  9:12  Zealot  
  146  9:13  Zealot x4  
  156  9:17  Templar Archives  
  139  9:34  Dark Templar x2  
  126  9:41  Zealot x7  
  121  9:48  Probe  
  121  9:49  Probe  
  117  9:56  Probe  
  98  10:07  Probe  
  99  10:15  Nexus  
  99  10:19  Stalker x9  
  116  10:22  Shield Battery  
  116  10:24  Shield Battery  

Tags
 
Add a new tag
Caveats
  • Supply blocks, unpowered buildings, or Contaminate may cause inaccurate times.
  • Supply counts are checked every 10 seconds.